AoeStats
← Anemone689082

Hideout

509904650Analyzed
1v1 RM · 2d ago on Sep 28, 2026· 41m 17s· 2 players
Game mode
Random Map
Map size
Tiny (2 player)
Population
200
Speed
Normal
Resources
Standard
Victory
Conquest
Starting age
Dark Age
Ending age
Imperial Age
RankedLock teamsTeams togetherTeam positionsShared explorationLock speedFull tech treeHidden civsTurbo modeCheats
Victory
Defeat
🇨🇭 Jurchens · Switzerland
1233
+14
🇷🇺 Bohemians · Russia
1189
-14
toly
9:47 Feudal Age
10:20 Double-Bit Axe
10:16 Horse Collar
13:11 Loom
18:20 Castle Age
18:15 Fletching
19:00 Bodkin Arrow
22:26 Heavy Plow
24:12 Bow Saw
25:42 Padded Archer Armor
27:13 Chemistry
31:07 Wheelbarrow
30:18 Town Watch
32:35 Redemption
39:51 Hand Cart
41:55 Leather Archer Armor
Anemone689082
7:11 Loom
9:48 Feudal Age
10:42 Double-Bit Axe
12:51 Bloodlines
13:54 Wheelbarrow
13:08 Horse Collar
13:42 Scale Barding Armor
23:11 Castle Age
21:56 Forging
21:37 Fletching
22:20 Gold Mining
24:05 Husbandry
24:36 Chain Barding Armor
23:45 Light Cavalry
24:14 Elite Skirmisher
25:17 Padded Archer Armor
33:30 Iron Casting
33:12 Leather Archer Armor
Connection lost

Rejoining the realm…

Still unreachable

The connection could not be restored.

Session expired

The server has moved on; the page needs a fresh start.